 Dungeon Crawl Stone Soup version 0.26-a0-642-g67e99244d3 (webtiles) character file.

Game seed: 1493505403000065848

(classic levelgen) 56639 EnegeticOcto the Geomancer (level 14, -4/127 HPs)
             Began as a Palentonga Earth Elementalist on Aug 23, 2020.
             Was a High Priest of Ru.
             Slain by a cane toad (9 damage)
             ... on level 5 of the Lair of Beasts on Sept 23, 2020.
             The game lasted 00:50:47 (29766 turns).

EnegeticOcto the Geomancer (PaEE)                  Turns: 29766, Time: 00:50:48

Health: -4/127     AC: 19    Str: 12    XL:     14   Next: 42%
Magic:  26/26      EV:  6    Int: 27    God:    Ru [*****.]
Gold:   1033       SH: 14    Dex: 10    Spells: 14/29 levels left

rFire    . . .     SeeInvis +   t - +6 long sword (protect)
rCold    . . .     Faith    .   A - +0 tower shield
rNeg     . . .     Spirit   .   U - +3 troll leather armour {Snorg}
rPois    .         Reflect  .   a - +2 helmet of Fuassyrph {Rampage SInv}
rElec    .         Harm     .   P - scarf {+Inv}
rCorr    .         Rampage  +   z - +0 pair of gloves (curse)
MR       +....                  (no barding)
Stlth    ..........             r - amulet of magic regeneration
HPRegen  0.71/turn              q - +6 ring of intelligence
MPRegen  0.45/turn              C - ring of wizardry

@: protection aura, heavily drained
A: large, rugged brown scales 3, see invisible, deformed body, no stealth, hated
by all, inability to train armour, unskilled 1, roll, armoured tail
a: Rolling Charge, Draw Out Power, Power Leap, Apocalypse, Renounce Religion,
Evoke Invisibility


You were on level 5 of the Lair of Beasts.
You worshipped Ru.
Ru was extremely pleased with you.
You visited 4 branches of the dungeon, and saw 20 of its levels.

You collected 1947 gold pieces.
You spent 914 gold pieces at shops.

Inventory:

Hand Weapons
 t - a +6 long sword of protection (weapon)
 H - the +10 rapier "Qaawe" {holy, rF- rN+ Int+2 Dex+3}
   (You found it on level 10 of the Dungeon)

   It has been blessed by the Shining One to cause great damage to the undead
   and demons.
   It affects your intelligence (+2).
   It affects your dexterity (+3).
   It makes you vulnerable to fire.
   It protects you from negative energy.
 J - a +4 scimitar of flaming
Missiles
 b - 371 stones (quivered)
 N - 7 curare-tipped darts
Armour
 a - the +2 helmet of Fuassyrph (worn) {Rampage SInv}
   (You bought it in a shop on level 4 of the Dungeon)

   It lets you see invisible.
   It bestows one free step when moving towards enemies.
 c - a +0 robe
 z - a cursed +0 pair of gloves (worn)
 A - a +0 tower shield (worn)
 I - +0 swamp dragon scales
 K - a +1 robe of resistance
 P - a scarf of invisibility (worn)
 U - a +3 troll leather armour (worn) {Snorg}
Magical Staves
 y - an uncursed staff of conjuration
 O - an uncursed staff of cold
 Q - an uncursed staff of air
Jewellery
 g - a +6 ring of intelligence
 q - a +6 ring of intelligence (left hand)
 r - an amulet of magic regeneration (around neck)
 C - a ring of wizardry (right hand)
 D - an uncursed amulet of the acrobat
 G - an uncursed ring of protection from cold
 S - a cursed ring of poison resistance {unknown}
Wands
 x - a wand of digging (3) {@v3}
 B - a wand of iceblast (11) {@v2}
 R - a wand of disintegration (15)
Scrolls
 d - 3 scrolls of fear {!r}
 f - 3 scrolls of immolation
 h - a scroll of vulnerability
 j - 7 scrolls of teleportation {@r3 !r}
 k - 8 scrolls of magic mapping {@r5 !r}
 l - 3 scrolls of blinking {@r4}
 m - 11 scrolls of remove curse {@r2}
 n - 2 scrolls of amnesia
 s - 3 scrolls of fog {!r}
 M - a scroll of torment
Potions
 e - 3 potions of resistance
 i - a potion of mutation
 p - 6 potions of flight
 u - 2 potions of heal wounds {@q2 !q}
 v - 6 potions of curing {@q1 !q}
 w - 3 potions of cancellation
 E - a potion of berserk rage
 F - 3 potions of might {@q3 !q}
 L - a potion of haste {@q4 !q}
 T - a potion of brilliance
Miscellaneous
 o - a condenser vane (inert)


   Skills:
 + Level 9.8(7.7) Fighting
 - Level 1.3(0.0) Dodging
 + Level 10.6(8.5) Shields
 + Level 8.1(6.1) Spellcasting
 - Level 5.4(3.5) Conjurations
 + Level 6.5(4.6) Transmutations
 + Level 10.8(8.7) Earth Magic
 - Level 4.5(2.6) Evocations


You had 14 spell levels left.
You knew the following spells:

 Your Spells              Type           Power        Failure   Level
a - Sandblast             Erth           ######       1%          1
b - Stone Arrow           Conj/Erth      #####.       3%          3
c - Lee's Rapid Deconstr  Erth           ######....   11%         5
d - Petrify               Tmut/Erth      #####...     9%          4
p - Passwall              Tmut/Erth      #####...     1%          2

Your spell library contained the following spells:

 Spells                   Type           Power        Failure   Level
 Sting                    Tmut/Pois      ###.         5%          1
 Apportation              Tloc           #.....       14%         1
 Corona                   Hex            #......      14%         1
 Poisonous Vapours        Pois/Air       #.....       21%         2
 Conjure Flame            Conj/Fire      ###.....     21%         3
 Ignite Poison            Fire/Tmut/Pois ###.....     22%         3
 Mephitic Cloud           Conj/Pois/Air  ##......     26%         3
 Olgreb's Toxic Radiance  Pois           #.......     77%         4
 Freezing Cloud           Conj/Ice/Air   ##........   100%        6
 Animate Skeleton         Necr           Unusable     N/A         1
 Summon Small Mammal      Summ           Unusable     N/A         1

Dungeon Overview and Level Annotations

Branches:
Dungeon (11/15)            Temple (1/1) D:7            Lair (6/6) D:9
  Swamp (0/4) Lair:3        Snake (0/4) Lair:4          Orc (2/2) D:9
    Elf (0/3) Orc:2
  Slime: Lair:5-6

Altars:
Ashenzari
Cheibriados
Dithmenos
Elyvilon
Fedhas
Gozag
Kikubaaqudgha
Nemelex Xobeh
Okawaru
Qazlal
Ru
Sif Muna
Vehumet
Wu Jian
Xom
Yredelemnul
Zin
The Shining One
Beogh

Shops:
D:4 *?=   D:5 =   D:7 *   Orc:2 [(*(

Annotations:
D:10 3 runed translucent doors, EnegeticOcto's ghost, novice DDFi
Lair:3 1 runed translucent door, Zigma's ghost, journeyman DrDe
Lair:6 1 exclusion


Innate Abilities, Weirdness & Mutations

You are completely covered in rugged brown scales. (AC +3, +7% HP)
You have supernaturally acute eyesight. (SInv)
Armour fits poorly on your strangely shaped body.
You cannot be stealthy.
You are hated by all.
You cannot train Armour skill.
You are somewhat unskilled. (-1 Apt)
You can roll at foes to attack.
You have a long armoured tail.


Message History

You focus your will and slow the death yak in retribution!
You hit the death yak.
The death yak is lightly wounded.
The death yak gores you!
You are too injured to fight recklessly!
You are too injured to fight recklessly!
You are too injured to fight recklessly!
You are too injured to fight recklessly!
You are too injured to fight recklessly!
You are too injured to fight recklessly!
You are too injured to fight recklessly!
You are too injured to fight recklessly!
You are too injured to fight recklessly!
You are too injured to fight recklessly!
You are too injured to fight recklessly!
You are too injured to fight recklessly!
You are too injured to fight recklessly!
You are too injured to fight recklessly!
You are too injured to fight recklessly!
You are too injured to fight recklessly!
You are too injured to fight recklessly!
You are too injured to fight recklessly!
You are too injured to fight recklessly!
You are too injured to fight recklessly!
You slash the death yak!
You tail-slap the death yak, but do no damage.
The death yak is moderately wounded.
The death yak completely misses you.
You riposte.
You hit the death yak.
The death yak is moderately wounded.
You barely miss the death yak.
The death yak is moderately wounded.
The death yak gores you but does no damage.
You hit the death yak.
The death yak is moderately wounded.
The death yak gores you!
You slash the death yak! You tail-slap the death yak.
The death yak is heavily wounded.
The death yak is no longer moving slowly.
The death yak gores you but does no damage.
You hit the death yak.
The death yak is heavily wounded.
You block the death yak's attack.
The death yak is stunned by your will and fails to attack.
You hit the death yak.
The death yak is heavily wounded.
You block the death yak's attack.
You barely miss the death yak.
The death yak is heavily wounded.
You block the death yak's attack.
The death yak gores you but does no damage.
You slash the death yak!
Your tail-slap misses the death yak.
The death yak is heavily wounded.
The death yak gores you!
You hit the death yak.
The death yak is heavily wounded.
You block the death yak's attack. x2
You hit the death yak but do no damage.
The death yak is heavily wounded.
The death yak gores you but does no damage.
You hit the death yak.
The death yak is heavily wounded.
The death yak gores you but does no damage.
You redirect the death yak's attack!
The death yak gores the cane toad.
You hit the death yak.
The death yak is severely wounded.
The death yak barely misses you.
You hit the death yak.
You tail-slap the death yak, but do no damage.
The death yak is severely wounded.
The death yak gores you!!
* * * LOW HITPOINT WARNING * * *
The death yak gores you!
* * * LOW HITPOINT WARNING * * *
You hit the death yak but do no damage.
The death yak is heavily wounded.
You block the death yak's attack.
You slash the death yak! You tail-slap the death yak!
The death yak is almost dead.
You redirect the death yak's attack!
The death yak gores itself!
The death yak gores you!
* * * LOW HITPOINT WARNING * * *
You hit the death yak but do no damage.
The death yak is almost dead.
The death yak gores you.
* * * LOW HITPOINT WARNING * * *
You slash the death yak!
You kill the death yak!
You slash the cane toad! You tail-slap the cane toad.
The cane toad is almost dead.
The cane toad stings you.
* * * LOW HITPOINT WARNING * * *
You block the cane toad's attack.
You hit the cane toad.
The cane toad is almost dead.
The cane toad barely misses you.
You riposte.
You closely miss the cane toad.
Your tail-slap misses the cane toad.
The cane toad is almost dead.
The cane toad stings you!
You die...

.## ######.#.## #.#.####.## .P#
##.........# #...#.##..# .##
#..........# ##...##P..# ..#
##.........## #....#.... .##
#.......>...## #..####... ..#
##...........## ##...##.... ..#
#..........#..# #....>.....
..####.........F##'####..........
...#..#.......##@....##...P.....#
.............##.......#...#.P#..#
.............#..##.#...#.........
..#.#.#....##..##......##.P..#...
.#####...####...........#........
..# #.##.###...#.........#.......
.## ##..8.#....#.8.8.#...#......#
..# #......#..#.......#..#####...
..####8.>..+......<......'.##....


You could see a cane toad.

Vanquished Creatures
  Saint Roka (Orc:2)
  An orc warlord (D:9)
  Snorg (Orc:1)
  Erolcha (D:10)
  7 hydras
  Erica (D:10)
  2 two-headed ogres
  4 death yaks
  4 orc high priests (Orc:2)
  An unseen horror (D:11)
  Pikel (D:5)
  3 orc sorcerers
  A manticore (D:11)
  5 elephants (Lair:5)
  3 black mambas
  11 cane toads
  A gargoyle (D:10)
  Maggie (D:10)
  13 komodo dragons
  A kobold demonologist (D:11)
  2 trolls
  A hornet (D:10)
  Grinder (D:4)
  Prince Ribbit (D:6)
  11 blink frogs
  6 dream sheep (Lair:4)
  2 bog bodies (Lair:3)
  7 hippogriffs
  A vampire (D:10)
  3 basilisks
  32 yaks
  5 humans
  A swamp worm (Lair:3)
  5 wargs
  A soldier ant (D:10)
  An acid dragon (D:11)
  11 water moccasins
  9 porcupines
  2 ice beasts
  2 sky beasts
  6 ogres
  22 orc warriors
  4 black bears
  A necrophage (D:7)
  A phantom (D:4)
  8 wolves
  5 centaurs
  9 crocodiles
  4 big kobolds
  11 bullfrogs
  A wyvern skeleton (D:9)
  25 killer bees
  7 scorpions
  13 wights
  2 electric eels
  4 howler monkeys
  A bullfrog zombie (D:11)
  3 centaur skeletons
  5 hounds
  3 bullfrog skeletons
  27 orc priests
  28 orc wizards
  13 worker ants
  17 iguanas
  A hound skeleton (D:4)
  A hound zombie (D:11)
  A worker ant zombie (D:5)
  3 gnolls (D:5)
  13 adders
  A shadow imp (D:9)
  2 white imps (D:6)
  2 ufetubi (D:5)
  An ooze (D:2)
  2 adder skeletons
  An adder zombie (D:6)
  2 worms
  3 dart slugs
  5 leopard geckos
  58 orcs
  5 giant cockroaches
  5 hobgoblins
  14 jackals
  18 kobolds
  5 quokkas
  7 bats
  2 frilled lizards
  3 goblins
  A jackal skeleton (D:5)
  2 quokka skeletons
  6 rats
551 creatures vanquished.

Vanquished Creatures (others)
  A hydra (Lair:6)
  A yak (Lair:4)
  2 porcupines (Lair:3)
  2 orc wizards
  An orc (D:9)
  A goblin (D:1)
  14 fungi
  19 plants
41 creatures vanquished.

Grand Total: 592 creatures vanquished

Notes
Turn   | Place    | Note
-------+----------+-------------------------------------------
     0 | D:1      | EnegeticOcto the Palentonga Earth Elementalist began the
                  | quest for the Orb.
     0 | D:1      | Reached XP level 1. HP: 14/14 MP: 3/3
    91 | D:1      | Reached skill level 3 in Earth Magic
   306 | D:1      | Reached XP level 2. HP: 21/21 MP: 1/5
   919 | D:2      | Reached XP level 3. HP: 26/27 MP: 2/6
   982 | D:2      | Reached skill level 4 in Earth Magic
   995 | D:2      | Learned a level 3 spell: Stone Arrow
  1457 | D:2      | Reached skill level 1 in Conjurations
  2117 | D:3      | Noticed a centaur
  2129 | D:3      | Killed a centaur
  2129 | D:3      | Reached skill level 3 in Conjurations
  2129 | D:3      | Reached XP level 4. HP: 7/35 MP: 2/7
  2129 | D:3      | Reached XP level 5. HP: 9/40 MP: 2/8
  2869 | D:3      | Noticed a water moccasin
  3197 | D:3      | Killed a water moccasin
  3197 | D:3      | Reached skill level 4 in Conjurations
  3197 | D:3      | Reached skill level 1 in Fighting
  3197 | D:3      | Reached XP level 6. HP: 50/50 MP: 2/9
  3380 | D:4      | Found Ciasoill's Jewellery Shop.
  3518 | D:4      | Reached skill level 5 in Earth Magic
  3834 | D:4      | Found Cas Ryo's Magic Scroll Shop.
  3841 | D:4      | Bought a scroll of teleportation for 30 gold pieces
  3841 | D:4      | Bought a scroll of magic mapping for 35 gold pieces
  3841 | D:4      | Bought a scroll of fog for 20 gold pieces
  3841 | D:4      | Bought a scroll of summoning for 95 gold pieces
  4151 | D:4      | Found Hibiwkopt's Assorted Antiques.
  4161 | D:4      | Reached XP level 7. HP: 48/55 MP: 10/10
  4206 | D:4      | Bought a bubbling brown potion for 18 gold pieces
  4206 | D:4      | Bought a sedimented purple potion for 18 gold pieces
  4317 | D:4      | Reached skill level 6 in Earth Magic
  4324 | D:4      | Learned a level 5 spell: Lee's Rapid Deconstruction
  4626 | D:4      | Found an opulent altar of Gozag.
  4660 | D:4      | Noticed Grinder
  4697 | D:4      | Killed Grinder
  4697 | D:4      | Reached skill level 3 in Spellcasting
  5195 | D:5      | Entered Level 5 of the Dungeon
  5462 | D:4      | Reached XP level 8. HP: 29/63 MP: 4/13
  5659 | D:5      | Reached skill level 4 in Spellcasting
  5659 | D:5      | Reached skill level 7 in Earth Magic
  6034 | D:5      | Noticed Pikel
  6039 | D:5      | Killed Pikel
  6039 | D:5      | Reached skill level 8 in Earth Magic
  6225 | D:5      | Found Lunituq's Jewellery Shoppe.
  6683 | D:6      | Reached skill level 5 in Spellcasting
  6861 | D:6      | Noticed Prince Ribbit
  6870 | D:6      | Killed Prince Ribbit
  6870 | D:6      | Reached XP level 9. HP: 68/68 MP: 2/17
  7412 | D:6      | Reached skill level 9 in Earth Magic
  7693 | D:6      | Reached skill level 6 in Spellcasting
  8532 | D:7      | Found a staircase to the Ecumenical Temple.
  8537 | Temple   | Entered the Ecumenical Temple
  8567 | Temple   | Became a worshipper of Ru the Awakened
  8637 | D:7      | Reached skill level 10 in Earth Magic
  8774 | D:7      | Found Muowib's Hallowed Reliquary.
  8775 | D:7      | Noticed an angel
  8777 | D:7      | Found a glowing silver altar of Zin.
  8846 | D:7      | Reached skill level 2 in Fighting
  9189 | D:8      | Reached skill level 3 in Fighting
  9208 | D:8      | Reached skill level 5 in Conjurations
  9710 | D:8      | Reached skill level 4 in Fighting
 10000 | D:7      | Reached XP level 10. HP: 78/83 MP: 13/19
 10001 | D:7      | Reached skill level 6 in Conjurations
 10123 | D:8      | Reached skill level 1 in Evocations
 10351 | D:8      | Reached skill level 2 in Evocations
 10372 | D:8      | Reached skill level 5 in Fighting
 10702 | D:8      | Reached skill level 3 in Evocations
 10933 | D:8      | Gained mutation: You are hated by all. [Ru sacrifice]
 10933 | D:8      | Reached * piety under Ru
 11357 | D:4      | Bought a spiked helmet for 199 gold pieces
 11357 | D:4      | Bought a forked copper wand for 84 gold pieces
 11367 | D:4      | Identified the +2 helmet of Fuassyrph {Rampage SInv} (You
                  | bought it in a shop on level 4 of the Dungeon)
 11713 | D:9      | Noticed a two-headed ogre
 12070 | D:8      | Killed a two-headed ogre
 12070 | D:8      | Reached skill level 6 in Fighting
 12070 | D:8      | Reached skill level 4 in Evocations
 12811 | D:9      | Found a staircase to the Orcish Mines.
 12832 | D:9      | Reached skill level 7 in Fighting
 12832 | D:9      | Reached skill level 5 in Evocations
 12930 | D:9      | Found a staircase to the Lair.
 13221 | D:9      | Noticed a two-headed ogre
 13233 | D:9      | Killed a two-headed ogre
 13233 | D:9      | Reached skill level 8 in Fighting
 13233 | D:9      | Reached skill level 1 in Shields
 13233 | D:9      | Reached XP level 11. HP: 100/100 MP: 4/20
 13359 | D:10     | Entered Level 10 of the Dungeon
 13691 | D:10     | Reached skill level 2 in Shields
 13920 | D:10     | Reached skill level 3 in Shields
 14060 | D:10     | Noticed Maggie
 14080 | D:10     | Killed Maggie
 14081 | D:10     | Noticed Erica
 14192 | D:10     | Noticed Erolcha
 14312 | D:10     | Killed Erolcha
 14312 | D:10     | Reached skill level 4 in Shields
 14452 | D:10     | Got a bloodstained rapier
 14453 | D:10     | Identified the +10 rapier "Qaawe" {holy, rF- rN+ Int+2
                  | Dex+3} (You found it on level 10 of the Dungeon)
 14613 | D:10     | Found a runed translucent gate.
 14613 | D:10     | Found a runed translucent gate.
 14616 | D:10     | Found a runed translucent gate.
 14617 | D:10     | Noticed EnegeticOcto's ghost (novice DDFi)
 14691 | D:10     | Reached skill level 5 in Shields
 15187 | D:10     | Killed Erica
 15187 | D:10     | Reached skill level 6 in Shields
 15523 | D:11     | Gained mutation: You cannot train Armour skill. [Ru
                  | sacrifice]
 15523 | D:11     | Reached ** piety under Ru
 15523 | D:11     | Reached *** piety under Ru
 15808 | D:11     | Noticed an unseen horror
 15813 | D:11     | Killed an unseen horror
 15813 | D:11     | Reached skill level 7 in Shields
 16243 | D:11     | Reached skill level 8 in Shields
 16828 | Orc:1    | Entered Level 1 of the Orcish Mines
 16829 | Orc:1    | Noticed an orc warlord
 16935 | D:9      | Reached XP level 12. HP: 43/108 MP: 1/21
 17920 | D:9      | Killed an orc warlord
 17920 | D:9      | Reached skill level 9 in Shields
 18076 | Orc:1    | Noticed Snorg
 18182 | Lair:1   | Entered Level 1 of the Lair of Beasts
 18340 | Lair:1   | Reached skill level 10 in Shields
 18741 | Lair:1   | Learned a level 4 spell: Petrify
 18744 | Lair:1   | Learned a level 2 spell: Passwall
 18812 | Lair:1   | Gained mutation: You are somewhat unskilled. (-1 Apt) [Ru
                  | sacrifice]
 18812 | Lair:1   | Reduced skill Fighting to level 7
 18812 | Lair:1   | Reduced skill Shields to level 9
 18812 | Lair:1   | Reduced skill Spellcasting to level 5
 18812 | Lair:1   | Reduced skill Conjurations to level 5
 18812 | Lair:1   | Reduced skill Transmutations to level 0
 18812 | Lair:1   | Reduced skill Earth Magic to level 9
 18812 | Lair:1   | Reduced skill Evocations to level 4
 18812 | Lair:1   | Reached **** piety under Ru
 19027 | Lair:1   | Reached skill level 1 in Transmutations
 19214 | Lair:2   | Noticed a five-headed hydra
 19222 | Lair:2   | Killed a five-headed hydra
 19839 | Lair:2   | Reached skill level 2 in Transmutations
 19958 | Lair:2   | Noticed a seven-headed hydra
 19969 | Lair:2   | Killed a seven-headed hydra
 20027 | Lair:2   | Reached skill level 6 in Spellcasting
 20348 | Lair:2   | Noticed a four-headed hydra
 20361 | Lair:2   | Killed a four-headed hydra
 20361 | Lair:2   | Reached skill level 3 in Transmutations
 20511 | Lair:2   | Reached skill level 8 in Fighting
 20995 | Lair:3   | Found a runed translucent door.
 20995 | Lair:3   | Noticed Zigma's ghost (journeyman DrDe)
 20995 | Lair:3   | Noticed a six-headed hydra
 20999 | Lair:3   | Killed a six-headed hydra
 21153 | Lair:3   | Reached XP level 13. HP: 96/114 MP: 7/22
 21461 | Lair:3   | Gained mutation: You cannot be stealthy. [Ru sacrifice]
 21461 | Lair:3   | Reduced skill Stealth to level 0
 21461 | Lair:3   | Reached ***** piety under Ru
 22351 | Lair:3   | Found a staircase to the Swamp.
 22739 | Lair:4   | Reached skill level 4 in Transmutations
 23091 | Lair:4   | Reached skill level 10 in Earth Magic
 23527 | Lair:4   | Found a staircase to the Snake Pit.
 23533 | Lair:4   | Reached skill level 10 in Shields
 24030 | Lair:4   | Reached skill level 7 in Spellcasting
 24794 | Lair:5   | Reached skill level 5 in Transmutations
 25079 | Lair:5   | Reached skill level 9 in Fighting
 25698 | Lair:5   | Got a crystal war axe
 25699 | Lair:5   | Identified the +4 war axe of the Six Tales {pain, Str+4}
                  | (You found it on level 5 of the Lair of Beasts)
 26582 | Orc:1    | Killed Snorg
 27218 | Orc:2    | Entered Level 2 of the Orcish Mines
 27247 | Orc:2    | Noticed Saint Roka
 27376 | Orc:2    | Killed Saint Roka
 27376 | Orc:2    | Reached XP level 14. HP: 26/126 MP: 2/25
 27884 | Orc:2    | Found a staircase to the Elven Halls.
 27892 | Orc:2    | Found a roughly hewn altar of Beogh.
 27951 | Orc:2    | Reached skill level 6 in Transmutations
 28514 | Orc:2    | Reached skill level 8 in Spellcasting
 28710 | Orc:2    | Found Kelaczoa's Assorted Antiques.
 28710 | Orc:2    | Found Ezuh's Weapon Boutique.
 28711 | Orc:2    | Found Yclaeroiti's Antique Weapon Shop.
 28714 | Orc:2    | Found Fekhlek's Armour Shop.
 28754 | Orc:2    | Bought a scroll labeled QUEDEU QETRA for 25 gold pieces
 28984 | D:4      | Bought an uncursed amulet of magic regeneration for 390
                  | gold pieces
 29209 | Lair:6   | Entered Level 6 of the Lair of Beasts
 29737 | Lair:5   | Upgraded the game from 0.26-a0-579-g3afe4966bf to
                  | 0.26-a0-591-g04f19ec95a
 29737 | Lair:5   | Upgraded the game from 0.26-a0-591-g04f19ec95a to
                  | 0.26-a0-642-g67e99244d3
 29762 | Lair:5   | HP: 6/127 [death yak (11)]
 29766 | Lair:5   | Slain by a cane toad

Illustrated notes

Levels and vault maps discovered:
D:1:      enne_arrival_octagon_isle, layout_basic, lemuel_old_faithful
D:2:      minmay_general_purpose_star, layout_basic, serial_glass,
          glass_columns_a, glass_columns_b, minmay_strange_pillars,
          minmay_strange_pillars, minmay_strange_pillars,
          minmay_strange_pillars, minmay_tripent
D:3:      layout_loops_corners, serial_bayou_lagoon_a
D:4:      layout_loops_corners, grunt_gozag_breadcrumbs, serial_shops, shop,
          shop_fountains, nicolae_shop_stone, uniq_grinder
D:5:      layout_loops_ring, serial_shops, shop, eino_tiny_chamber, uniq_pikel
D:6:      layout_rooms, uniq_prince_ribbit1
D:7:      layout_rooms, minmay_temple_entry_arrows, nicolae_good_shop
D:8:      layout_basic, minmay_ruffians
D:9:      layout_big_octagon, lair_entry_dummy, orc_0_dummy
D:10:     layout_basic, ebering_ghost_rock_garden,
          hangedman_abyss_or_decor_stagger, uniq_erolcha, uniq_erica,
          uniq_maggie
D:11:     layout_irregular_city
Temple:   regret_index_temple_sigil_plot
Lair:1:   layout_gridlike, cheibrodos_lair_reptile_den
Lair:2:   beast_lair_carwin_large_4, layout_small_grid, grunt_megastairs_4,
          infiniplex_staircase_pool
Lair:3:   layout_misc_corridors, nicolae_swamp_entry_splash_gauntlet,
          hellmonk_ghost_happy_afterlife, chequers_serial_rivers_room_a
Lair:4:   layout_cave_pods, dummy_snake_entry, serial_bayou_shore_b,
          grunt_megastairs_5, lemuel_fruit_tree
Lair:5:   layout_small_grid, grunt_megastairs_2
Lair:6:   grunt_lair_end_beastmaster, layout_hall_layers,
          dpeg_slime_entry_enclosed_altar
Orc:1:    layout_caves, uniq_snorg
Orc:2:    st_orc_mages, layout_diamond_mine, basic_altar, mines_bat_river,
          uniq_saint_roka

Skill      XL: |  1  2  3  4  5  6  7  8  9 10 11 12 13 14 |
---------------+-------------------------------------------+-----
Earth Magic    | 3 4 5 6 8 10 9 10 | 10.8
Conjurations   | 3 4 5 6 5 |  5.4
Fighting       | 1 4 8 8 9 |  9.8
Spellcasting   | 3 5 6 6 7 8 |  8.1
Evocations     | 5 4 |  4.5
Shields        | 1 8 9 10 | 10.6
Transmutations | 3 5 6 |  6.5
Stealth        | 0 |  0.0
Dodging        | |  1.3

Action                   |  1- 3 |  4- 6 |  7- 9 | 10-12 | 13-15 || total
-------------------------+-------+-------+-------+-------+-------++-------
Melee: Short sword       |    78 |    66 |    31 |       |       ||   175
       Tailslap          |     7 |     5 |     7 |    17 |    30 ||    66
       Unarmed           |       |     1 |       |       |       ||     1
       Halberd           |       |       |    40 |       |       ||    40
       Staff             |       |       |    38 |    24 |       ||    62
       Long sword        |       |       |       |    98 |   165 ||   263
       Rapier            |       |       |       |    52 |       ||    52
 Cast: Sandblast         |    30 |    20 |    25 |   104 |   102 ||   281
       Stone Arrow       |       |    19 |    67 |   157 |   224 ||   467
       Lee's Rapid Decon |       |       |    24 |    75 |    23 ||   122
Invok: Sacrifice Love    |       |       |       |     1 |       ||     1
       Draw Out Power    |       |       |       |     5 |     6 ||    11
       Sacrifice Durabil |       |       |       |     1 |       ||     1
       Sacrifice Skill   |       |       |       |     1 |       ||     1
       Apocalypse        |       |       |       |       |     5 ||     5
       Sacrifice Stealth |       |       |       |       |     1 ||     1
       Reject Sacrifices |       |       |       |       |     1 ||     1
 Abil: Rolling Charge    |     1 |       |       |     4 |       ||     5
Evoke: Wand              |       |       |     1 |     7 |     6 ||    14
       Condenser vane    |       |       |       |       |     3 ||     3
  Use: Potion            |     4 |       |     1 |       |     1 ||     6
       Scroll            |     3 |       |     6 |    12 |     6 ||    27
 Stab: Sleeping          |       |       |       |     2 |       ||     2
       Invisible         |       |       |       |     2 |       ||     2
       Distracted        |       |       |       |       |     1 ||     1
       Paralysed         |       |       |       |       |     7 ||     7
Armor: Robe              |    44 |    33 |    66 |   114 |    31 ||   288
       Skin              |     4 |     1 |       |       |       ||     5
       Troll leather arm |       |       |       |       |   108 ||   108
Dodge: Dodged            |    55 |    29 |   140 |   142 |    96 ||   462
Block: Tower shield      |       |       |       |   210 |   279 ||   489
       Rpst.: Long sword |       |       |       |    20 |    26 ||    46

Table legend: (Time is in decaauts)
 A = Elapsed time spent in this place.
 B = Non-inter-level travel time spent in this place.
 C = Inter-level travel time spent in this place.
 D = Time resting spent in this place.
 E = Time spent auto-exploring this place.
 F = Levels seen in this place.
 G = Mean time per level.
                   A        B        C        D        E       F      G
               +--------+--------+--------+--------+--------+-----+--------+
         Total |  30005 |  28556 |   1449 |   3115 |  21029 |  20 | 1500.2 |
       Dungeon |  18465 |  17472 |    993 |   2828 |  11871 |  11 | 1678.6 |
        Temple |     52 |     36 |     16 |      0 |      0 |   1 |   52.0 |
          Lair |   9096 |   8751 |    345 |    136 |   7551 |   6 | 1516.0 |
  Orcish Mines |   2391 |   2296 |     95 |    151 |   1606 |   2 | 1195.5 |
               +--------+--------+--------+--------+--------+-----+--------+

Top non-repeatable levels by time:
     D:8: 3533 daAuts
  Lair:5: 2279 daAuts
     D:4: 2112 daAuts
    D:10: 1899 daAuts
  Lair:4: 1867 daAuts
     D:6: 1865 daAuts
  Lair:2: 1828 daAuts
  Lair:3: 1664 daAuts
     D:9: 1648 daAuts
    D:11: 1581 daAuts
     D:3: 1436 daAuts
   Orc:2: 1385 daAuts
     D:5: 1337 daAuts
     D:2: 1236 daAuts
  Lair:1: 1087 daAuts
